 Dungeon Crawl Stone Soup version 0.23.2-1-ga50397a6bc (webtiles) character file.

Game seed: 10180060087110941103

48862 Menchi the Peltast (level 14, -2/94 HPs)
             Began as a Gargoyle Fighter on May 18, 2019.
             Was an Initiate of Gozag.
             Slain by a jiangshi (11 damage)
             ... summoned by a vampire mage
             ... on level 12 of the Dungeon.
             The game lasted 00:37:06 (16382 turns).

Menchi the Peltast (Gargoyle Fighter)              Turns: 16382, Time: 00:37:07

Health: -2/94      AC: 35    Str: 30    XL:     14   Next: 48%
Magic:  14/14      EV:  8    Int:  8    God:    Gozag
Gold:   3638       SH: 21    Dex: 13    Spells: 13/13 levels left

rFire    + . .     SeeInvis +   p - +9 whip (drain)
rCold    . . .     Gourm    .   c - +2 shield
rNeg     + . .     Faith    .   q - +2 plate armour {rF+}
rPois    ∞         Spirit   .   v - +2 helmet
rElec    +         Reflect  +   y - +0 cloak of Rumang {-Tele rElec Dex+3 SInv}
rCorr    .         Harm     .   g - +2 pair of gloves
MR       ++...     NoTele   +   (no boots)
Stlth    ..........             n - +4 amulet of reflection
HPRegen  0.25/turn              r - ring of protection from magic
MPRegen  0.14/turn              B - +2 ring of strength

@: mighty, very slow
A: big wings, claws 1, negative energy resistance 1, electricity resistance,
weak 1, unbreathing, petrification resistance, rot immunity, sturdy frame 1, AC
+10
a: Fly, Potion Petition, Call Merchant, Bribe Branch, Renounce Religion


You were on level 12 of the Dungeon.
You worshipped Gozag.
Gozag was most pleased with you.
You were not hungry.

You visited 4 branches of the dungeon, and saw 18 of its levels.
You also visited: Bailey and Ice Cave.

You collected 4396 gold pieces.
You spent 561 gold pieces at shops.
You paid 197 gold pieces to Gozag.

Inventory:

Hand Weapons
 p - a +9 whip of draining (weapon)
Armour
 c - a +2 shield (worn)
 g - a +2 pair of gloves (worn)
 q - a +2 plate armour of fire resistance (worn)
 v - a +2 helmet (worn)
 y - the +0 cloak of Rumang (worn) {-Tele rElec Dex+3 SInv}
   (You bought it in a shop on level 2 of the Orcish Mines)

   It affects your dexterity (+3).
   It insulates you from electricity.
   It lets you see invisible.
   It prevents most forms of teleportation.
Jewellery
 n - a +4 amulet of reflection (around neck)
 r - a ring of protection from magic (left hand)
 B - a +2 ring of strength (right hand)
 E - an uncursed ring of wizardry
 I - an uncursed ring of ice
Wands
 a - a wand of paralysis (11)
 m - a wand of random effects (24)
 o - a wand of clouds (4)
 t - a wand of polymorph (16)
 x - a wand of digging (4)
 C - a wand of iceblast (2)
 D - a wand of enslavement (7)
 G - a wand of disintegration (7)
 L - a wand of scattershot (7)
Scrolls
 b - a scroll of magic mapping
 d - 2 scrolls of amnesia
 e - 6 scrolls of remove curse
 k - 2 scrolls of teleportation
 l - 13 scrolls of identify
 s - a scroll of immolation
 u - 2 scrolls of fear
 J - a scroll of enchant weapon
Potions
 h - 2 potions of flight
 i - 5 potions of degeneration
 j - 7 potions of curing
 w - 5 potions of haste
 z - a potion of brilliance
 A - 2 potions of invisibility
 F - a potion of might
 H - a potion of cancellation
 K - a potion of heal wounds
Comestibles
 f - 19 rations


   Skills:
 * Level 13.3 Fighting
 - Level 13.0 Maces & Flails
 + Level 10.8 Armour
 * Level 15.7 Shields


You had 13 spell levels left.
You didn't know any spells.
Your spell library contained the following spells:

 Spells                   Type           Power        Failure   Level  Hunger
 Animate Skeleton         Necr           N/A          89%         1    ##.....
 Apportation              Tloc           #.....       89%         1    ##.....
 Confusing Touch          Hex            #.....       89%         1    ##.....
 Summon Small Mammal      Summ           #...         89%         1    ##.....
 Searing Ray              Conj           #.....       96%         2    ###....
 Ignite Poison            Fire/Tmut/Pois #.......     99%         3    ####...
 Static Discharge         Conj/Air       #.......     99%         3    ####...
 Stone Arrow              Conj/Erth      #.....       99%         3    ####...
 Cause Fear               Hex            #.........   100%        4    #####..
 Bolt of Draining         Conj/Necr      #.........   100%        5    ######.
 Fireball                 Conj/Fire      #.........   100%        5    ######.
 Lightning Bolt           Conj/Air       #.........   100%        5    ######.
 Silence                  Hex/Air        #.........   100%        5    ######.
 Yara's Violent Unravell  Hex/Tmut       #.........   100%        5    ######.
 Bolt of Fire             Conj/Fire      #.........   100%        6    #######
 Deflect Missiles         Chrm/Air       #.........   100%        6    #######
 Ring of Flames           Chrm/Fire      #.........   100%        7    #######
 Discord                  Hex            #.........   100%        8    #######
 Ignition                 Fire           #.........   100%        8    #######


Dungeon Overview and Level Annotations

Branches:
Dungeon (12/15)            Temple (1/1) D:7            Lair (3/6) D:11
    Orc (2/2) D:12            Elf (0/3) Orc:2
  Swamp: Lair:2-4    Shoals: Lair:2-4     Snake: Lair:2-4    Spider: Lair:2-4

Altars:
Ashenzari
Cheibriados
Dithmenos
Elyvilon
Fedhas
Gozag
Hepliaklqana
Kikubaaqudgha
Makhleb
Nemelex Xobeh
Okawaru
Qazlal
Ru
Sif Muna
Trog
Uskayaw
Vehumet
Wu Jian
Xom
Yredelemnul
Zin
The Shining One

Shops:
D:11 =   D:12 *   Orc:2 [*(:


Innate Abilities, Weirdness & Mutations

You are resistant to torment.
Your stone body is resilient. (AC +10)
You are immune to poison.
Your large and strong wings let you fly indefinitely.
You resist negative energy. (rN+)
You are resistant to electric shocks. (rElec)
You can survive without breathing.
You are immune to petrification.
You are immune to rotting.
You have sharp fingernails.
You are weak. (Str -2)
Your movements are slightly less encumbered by armour. (ER -2)


Message History

You block the jiangshi's attack.
The flying skull hits you but does no damage.
You block the jiangshi's attack.
The jiangshi claws you but does no damage.
You hit the vampire mage but do no damage.
The vampire mage is moderately damaged.
You block the jiangshi's attack. x2
The vampire mage hits you but does no damage.
The vampire mage bites you but does no damage.
You block the vampire's attack.
The vampire bites you but does no damage.
Your unstable footing causes you to fumble your attack.
You block the jiangshi's attack. x2; The flying skull barely misses you.
The jiangshi claws you but does no damage.
The jiangshi barely misses you.
You whack the vampire mage!
The vampire mage is heavily damaged.
You block the jiangshi's attack. The jiangshi claws you!
You die...
Your body crumbles into a pile of gold.

#.......# #..
######'###### #..
#≈≈≈≈≈≈≈≈≈≈≈# #..
#≈##.....##≈# #..
#≈#...))).#≈# #..
#≈..⌠...⌠..≈# ##.
#≈.........≈# ## #.
#≈.⌠.._..⌠z≈#≈≈#.##
#.
#≈........V@V..'...
#.
#≈..⌠...⌠..VV..'...
#.
#≈#...⌠...#≈#≈≈#.##
#. #≈##.....##≈####
#. ≈≈≈≈≈≈≈≈≈≈# #.
####+###### #. ##.
#.. #..


You could see 2 jiangshi, a vampire mage (invisible), a vampire (invisible) and
a flying skull.

Vanquished Creatures
  Gastronok (Lair:1)
  A deep elf sorcerer (D:12)
  A stone giant (Orc:2)
  Snorg (Orc:2)
  The ghost of Elebi the Grappler, a journeyman DrTm of Yredelemnul (Lair:2)
  Josephine (D:10)
  3 ettins
  The ghost of Domef the Spear-Bearer, a journeyman NaAr of Okawaru (Lair:2)
  Fannar (Lair:3)
  5 hydras
  Harold (Lair:1)
  A catoblepas (D:9)
  A centaur warrior (D:9)
  Erica (D:9)
  A two-headed ogre (D:10)
  Sonja (D:11)
  An orc knight (Bailey)
  An orc sorcerer (Orc:2)
  An ugly thing (D:12)
  7 deep elf magi (D:12)
  9 cyclopes
  3 slime creatures (D:12)
  3 elephants (Lair:3)
  Joseph (Lair:1)
  4 naga magi (D:12)
  2 spiny frogs (Lair:1)
  Psyche (D:10)
  A komodo dragon (Lair:2)
  A rime drake (Lair:1)
  3 kobold demonologists (D:12)
  2 trolls
  Grinder (D:3)
  8 blink frogs (Lair:1)
  8 hippogriffs
  3 wraiths (D:10)
  Sigmund (D:4)
  A wyvern (Lair:2)
  26 yaks
  A human (D:11)
  A hungry ghost (D:10)
  4 wargs
  Edmund (D:5)
  An acid dragon (D:11)
  A water moccasin (Lair:1)
  Purgy (D:4)
  3 porcupines (Lair:1)
  5 sky beasts
  2 phantoms
  14 orc warriors
  4 ice beasts
  A black bear (D:9)
  10 ogres
  A boggart (D:9)
  5 centaurs
  7 crocodiles
  2 big kobolds
  7 bullfrogs
  Blork the orc (D:4)
  3 gnoll sergeants
  2 scorpions
  10 wights
  5 howler monkeys
  4 crimson imps (D:7)
  A quasit (D:9)
  A bullfrog zombie (D:6)
  A jelly (D:10)
  6 hounds
  13 orc priests
  2 bullfrog skeletons
  2 centaur skeletons
  A gnoll shaman (D:6)
  16 orc wizards
  2 iguanas (D:6)
  Ijyb (D:3)
  8 worker ants
  A killer bee zombie (D:10)
  A worker ant zombie (D:7)
  Robin (D:3)
  A howler monkey skeleton (D:4)
  14 gnolls
  12 adders
  4 shadow imps (D:5)
  2 adder zombies
  4 worms
  2 dart slugs (D:1)
  6 leopard geckos
  58 orcs
  6 giant cockroaches
  14 goblins
  23 hobgoblins
  2 jackals (D:4)
  4 quokkas
  3 bats (D:1)
  7 frilled lizards
  2 jackal skeletons
  A jackal zombie (D:8)
  20 kobolds
  A quokka skeleton (D:7)
  A quokka zombie (D:5)
  5 rats
455 creatures vanquished.

Vanquished Creatures (others)
  3 cyclopes (Orc:2)
  An orc wizard (D:6)
4 creatures vanquished.

Grand Total: 459 creatures vanquished

Notes
Turn   | Place    | Note
-------+----------+-------------------------------------------
     0 | D:1      | Menchi the Gargoyle Fighter began the quest for the Orb.
     0 | D:1      | Reached XP level 1. HP: 14/14 MP: 1/1
   154 | D:1      | Reached XP level 2. HP: 19/19 MP: 2/2
   508 | D:1      | Reached XP level 3. HP: 17/23 MP: 3/3
   597 | D:1      | Reached skill level 4 in Shields
   850 | D:2      | Reached XP level 4. HP: 24/29 MP: 4/4
  1255 | D:2      | Found a glowing golden altar of the Shining One.
  1256 | D:2      | Found a basalt altar of Yredelemnul.
  1257 | D:2      | Found a burning altar of Makhleb.
  1257 | D:2      | Found a shimmering altar of Xom.
  1257 | D:2      | Found a shattered altar of Ashenzari.
  1268 | D:2      | Reached XP level 5. HP: 31/33 MP: 5/5
  1302 | D:2      | Found an ornate altar of the Wu Jian Council.
  1536 | D:3      | Noticed Robin
  1565 | D:3      | Killed Robin
  1933 | D:3      | Reached skill level 5 in Shields
  1941 | D:3      | Reached XP level 6. HP: 19/38 MP: 6/6
  2518 | D:3      | Noticed Grinder
  2535 | D:3      | Killed Grinder
  2535 | D:3      | Reached XP level 7. HP: 27/44 MP: 7/7
  2716 | D:3      | Noticed Ijyb
  2724 | D:3      | Killed Ijyb
  2724 | D:3      | Reached skill level 5 in Maces & Flails
  2724 | D:3      | Reached skill level 6 in Shields
  2813 | D:4      | Found a deep blue altar of Sif Muna.
  2982 | D:4      | Noticed Purgy
  2983 | D:4      | Noticed Blork the orc
  2997 | D:4      | Killed Purgy
  2997 | D:4      | Reached skill level 5 in Fighting
  3005 | D:4      | Killed Blork the orc
  3350 | D:4      | Noticed Sigmund
  3365 | D:4      | Killed Sigmund
  3365 | D:4      | Reached XP level 8. HP: 10/49 MP: 8/8
  3844 | D:4      | Reached skill level 7 in Shields
  3885 | D:5      | Entered Level 5 of the Dungeon
  4408 | D:5      | Found a radiant altar of Vehumet.
  4568 | D:5      | Reached skill level 8 in Shields
  4589 | D:5      | Reached XP level 9. HP: 19/55 MP: 9/9
  5116 | D:5      | Noticed Edmund
  5138 | D:5      | Killed Edmund
  5402 | D:5      | Found a faded altar of an unknown god.
  5402 | D:5      | Found a faded altar of an unknown god.
  5407 | D:5      | Found a stormy altar of Qazlal.
  5409 | D:5      | Found a blossoming altar of Fedhas.
  5410 | D:5      | Found a snail-covered altar of Cheibriados.
  5770 | D:6      | Reached skill level 9 in Shields
  6374 | D:6      | Got a shimmering ring mail
  6385 | D:6      | Identified the cursed +1 ring mail of Perfidy {Int-2 Dex+5}
                  | (You found it on level 6 of the Dungeon)
  6899 | D:7      | Found a staircase to the Ecumenical Temple.
  6905 | Temple   | Entered the Ecumenical Temple
  6945 | Temple   | Became a worshipper of Gozag Ym Sagoz the Greedy
  6987 | D:7      | Reached skill level 10 in Shields
  7005 | D:7      | Found an iron altar of Okawaru.
  7088 | D:7      | Reached XP level 10. HP: 63/63 MP: 10/10
  7152 | D:7      | You fall through a shaft for 3 floors!
  7152 | D:10     | Entered Level 10 of the Dungeon
  7169 | D:10     | Noticed Josephine
  7185 | D:10     | Noticed Psyche
  7190 | D:11     | Found a flagged portal.
  7206 | D:11     | Noticed a cyclops
  7216 | D:11     | Killed a cyclops
  7285 | D:11     | Found a staircase to the Lair.
  7526 | D:10     | Noticed a two-headed ogre
  7558 | Bailey   | Entered a bailey
  7814 | Bailey   | Reached skill level 11 in Shields
  7830 | Bailey   | Noticed an orc knight
  7834 | Bailey   | Gained mutation: You have sharp fingernails. [potion of
                  | mutation]
  7834 | Bailey   | Gained mutation: You are weak. (Str -2) [potion of
                  | mutation]
  7834 | Bailey   | Gained mutation: Your movements are slightly less
                  | encumbered by armour. (ER -2) [potion of mutation]
  7835 | Bailey   | Reached skill level 10 in Maces & Flails
  7870 | Bailey   | Killed an orc knight
  8035 | D:11     | Found Muvue's Jewellery Emporium.
  8125 | D:11     | Identified a scroll of acquirement
  8234 | D:11     | Noticed Sonja
  8272 | D:11     | Killed Sonja
  8272 | D:11     | Reached XP level 11. HP: 69/69 MP: 11/11
  8574 | D:10     | Killed a two-headed ogre
  8611 | D:10     | Paralysed by an orc for 2 turns
  8685 | D:10     | Killed Josephine
  8685 | D:10     | Reached skill level 12 in Shields
  8701 | D:10     | Killed Psyche
  9182 | D:10     | Reached skill level 5 in Armour
  9200 | D:9      | Found an ancient bone altar of Kikubaaqudgha.
  9242 | D:9      | Noticed Erica
  9259 | D:9      | Killed Erica
  9625 | D:9      | Found a sparkling altar of Nemelex Xobeh.
  9762 | D:9      | Noticed a catoblepas
  9771 | D:9      | Killed a catoblepas
  9771 | D:9      | Reached XP level 12. HP: 77/77 MP: 12/12
  9777 | D:9      | Noticed a centaur warrior
  9788 | D:9      | Killed a centaur warrior
  9788 | D:9      | Reached skill level 13 in Shields
 10998 | D:12     | Reached skill level 10 in Fighting
 11107 | D:12     | Found a staircase to the Orcish Mines.
 11236 | D:12     | Noticed a four-headed hydra
 11253 | D:12     | Killed a four-headed hydra
 11291 | D:12     | Found Ziggip's General Store.
 11311 | D:12     | Bought a scroll of enchant weapon for 97 gold pieces
 11311 | D:12     | Bought a scroll of enchant armour for 97 gold pieces
 11849 | D:12     | Noticed a four-headed hydra
 11870 | D:12     | Killed a four-headed hydra
 12059 | D:12     | Noticed a four-headed hydra
 12068 | D:12     | Killed a four-headed hydra
 12115 | D:12     | Reached XP level 13. HP: 70/84 MP: 13/13
 12129 | D:12     | Reached skill level 14 in Shields
 12143 | Orc:1    | Entered Level 1 of the Orcish Mines
 12234 | Orc:2    | Entered Level 2 of the Orcish Mines
 12237 | Orc:2    | Found Vearreps's Antique Weapon Boutique.
 12238 | Orc:2    | Found a staircase to the Elven Halls.
 12238 | Orc:2    | Noticed an ettin
 12488 | Orc:1    | Killed an ettin
 12563 | Orc:2    | Noticed an ettin
 12569 | Orc:2    | Found a radiant altar of Vehumet.
 12600 | Orc:2    | Killed an ettin
 12691 | Orc:2    | Noticed Snorg
 12714 | Orc:2    | Killed Snorg
 12735 | Orc:2    | Found Varoejuk's Antique Armour Emporium.
 12756 | Orc:2    | Bought a warped cloak for 247 gold pieces
 12766 | Orc:2    | Identified the +0 cloak of Rumang {-Tele rElec Dex+3 SInv}
                  | (You bought it in a shop on level 2 of the Orcish Mines)
 12906 | Orc:2    | Noticed an ettin
 12919 | Orc:2    | Killed an ettin
 13060 | Orc:2    | Noticed a stone giant
 13081 | Orc:2    | Killed a stone giant
 13131 | Orc:2    | Found Jozapoga's Book Boutique.
 13152 | Orc:2    | Found Tologaot's General Store.
 13160 | Orc:2    | Bought a scroll of enchant weapon for 120 gold pieces
 13507 | Lair:1   | Entered Level 1 of the Lair of Beasts
 13543 | Lair:1   | Noticed Harold
 13558 | Lair:1   | Killed Harold
 13574 | Lair:1   | Noticed Gastronok
 13605 | Lair:1   | Killed Gastronok
 13786 | Lair:1   | Reached skill level 10 in Armour
 13904 | Lair:1   | Noticed Joseph
 13917 | Lair:1   | Killed Joseph
 13998 | Lair:1   | Found a frozen archway.
 14008 | IceCv    | Entered an ice cave
 14094 | Lair:1   | Reached skill level 15 in Shields
 14094 | Lair:1   | Gained mutation: Your large and strong wings let you fly
                  | indefinitely. [Gargoyle growth]
 14094 | Lair:1   | Reached XP level 14. HP: 82/92 MP: 14/14
 14816 | Lair:2   | Found a runed translucent gate.
 14816 | Lair:2   | Found a runed translucent gate.
 14821 | Lair:2   | Found a runed translucent gate.
 14823 | Lair:2   | Noticed Elebi's ghost (journeyman DrTm)
 14823 | Lair:2   | Noticed Domef's ghost (journeyman NaAr)
 14862 | Lair:2   | Killed Elebi's ghost
 14904 | Lair:2   | Killed Domef's ghost
 15280 | Lair:3   | Noticed Fannar
 15306 | Lair:3   | Killed Fannar
 16304 | D:12     | Identified Vehumet's Catalogue of Confrontation
 16325 | D:12     | Found a deep blue altar of Sif Muna.
 16327 | D:12     | Noticed a deep elf sorcerer
 16343 | D:12     | Killed a deep elf sorcerer
 16382 | D:12     | Slain by a jiangshi

Skill      XL: |  1  2  3  4  5  6  7  8  9 10 11 12 13 14 |
---------------+-------------------------------------------+-----
Shields        | 4 5 6 8 10 11 12 13 15 | 15.7
Maces & Flails | 3 4 5 7 9 10 11 12 13 | 13.0
Fighting       | 4 5 6 7 8 9 11 12 13 | 13.3
Armour         | 5 8 10 | 10.8

Action                   |  1- 3 |  4- 6 |  7- 9 | 10-12 | 13-15 || total
-------------------------+-------+-------+-------+-------+-------++-------
Melee: Flail             |    75 |   119 |       |       |       ||   194
       Whip              |       |    51 |   359 |   832 |   629 ||  1871
Evoke: Wand              |       |       |       |     7 |    11 ||    18
  Use: Scroll            |       |     8 |    10 |    11 |     7 ||    36
       Potion            |       |       |       |     5 |     2 ||     7
 Stab: Distracted        |       |       |       |     3 |     3 ||     6
  Eat: Chunk             |       |     5 |    15 |       |       ||    20
       Ration            |       |       |       |     6 |     4 ||    10
Armor: Scale mail        |    64 |    78 |   134 |       |       ||   276
       Ring mail         |       |       |    10 |    40 |       ||    50
       Plate armour      |       |       |       |   196 |   182 ||   378
Dodge: Dodged            |    57 |    84 |    92 |   215 |    68 ||   516
Block: Shield            |       |       |    94 |   425 |   377 ||   896
       Reflection        |       |       |       |     8 |    17 ||    25
